 Dungeon Crawl Stone Soup version 0.17-a0-1435-geafbe2f (webtiles) character file.

47 Lektor the Magician (level 3, 0/21 HPs)
             Began as a High Elf Wizard on June 26, 2015.
             Succumbed to an adder's poison
             ... on level 2 of the Dungeon.
             The game lasted 00:09:41 (2084 turns).

Lektor the Magician (High Elf Wizard)               Turns: 2084, Time: 00:09:41

Health: 0/21       AC:  3    Str:  6    XL:     3   Next: 48%
Magic:  1/9        EV: 12    Int: 22    God:
Gold:   29         SH:  0    Dex: 14    Spells: 3 memorised, 2 levels left

rFire  . . .     SeeInvis .     i - +0 short sword
rCold  . . .     Clarity  .     p - +0 robe
rNeg   . . .     SustAt   .     (no shield)
rPois  .         Gourm    .     b - +0 hat
rElec  .         Spirit   .     n - +0 cloak
rCorr  .         Warding  .     (no gloves)
rMut   .         Stasis   .     (no boots)
MR     .....                    (no amulet)
Stlth  ++........               (no ring)
                                (no ring)

@: lethally poisoned (0 -> -10), very slightly contaminated, not resistant to
hostile enchantments, unstealthy
A: no striking features
a: no special abilities


You were on level 2 of the Dungeon.
You were hungry.

You visited 1 branch of the dungeon, and saw 2 of its levels.

You collected 29 gold pieces.

Inventory:

Hand weapons
 f - a +0 dagger
 i - a +0 short sword (weapon)
Missiles
 g - 18 stones (quivered)
 h - 20 arrows
Armour
 a - a +0 robe
 b - a +0 hat (worn)
 n - a +0 cloak (worn)
 p - a +0 robe (worn)
Scrolls
 e - 4 scrolls of identify {unknown}
 m - a scroll of remove curse {unknown}
Books
 c - a book of Minor Magic

   Spells                             Type                      Level
   a - Magic Dart                     Conjuration                  1
   b - Blink                          Translocation                2
   c - Call Imp                       Summoning                    2
   d - Repel Missiles                 Charms/Air                   2
   e - Slow                           Hexes                        2
   f - Conjure Flame                  Conjuration/Fire             3
   g - Mephitic Cloud                 Conjuration/Poison/Air       3
Comestibles
 d - a bread ration
 q - a chunk of flesh


   Skills:
 - Level 2.2 Dodging
 - Level 2.1 Stealth
 - Level 3.9 Spellcasting
 + Level 3.2 Conjurations
   Level 0.8 Summonings
   Level 1.1 Translocations
 + Level 0.5 Air Magic


You had 2 spell levels left.
You knew the following spells:

 Your Spells              Type           Power        Failure   Level  Hunger
a - Magic Dart            Conj           ###.         3%          1    None
b - Mephitic Cloud        Conj/Pois/Air  ##......     21%         3    ###....
c - Conjure Flame         Conj/Fire      ##......     17%         3    ###....


Dungeon Overview and Level Annotations

Branches:
Dungeon (2/15)

Altars:

Annotations:
D:2 Terence


Message History

Aim: an adder (heavily wounded)
You throw a stone.
The stone hits the adder but does no damage.
The adder is heavily wounded.
The adder bites you.
* * * LOW HITPOINT WARNING * * *
You are more poisoned.
The adder poisons you!
Unknown command.
Casting: Magic Dart
Confirm with . or Enter, or press ? or * to list all spells.
You don't have enough magic to cast that spell.
Unknown command.
You barely miss the adder.
The adder is heavily wounded.
* * * LOW HITPOINT WARNING * * *
You feel sick. The adder misses you. The adder bites you but does no damage.
You barely miss the adder.
The adder is heavily wounded.
You die...

.......##########
.......###########
..##.#....)......#
.....###########.#
....# #.# ....#
#.# .S..# #.# ...#
#.# .S#### #@#
...(r# #S# ##.#.#
#.# #.#ยง# #r#
#.#S# #.# #.#.#
#.# #.#.# #.#
#.#.# #.# #.#.#
#########.#


You could see an adder and a quokka.

Vanquished Creatures
  A worm (D:2)
  2 giant geckos (D:1)
  6 hobgoblins (D:1)
  2 jackals (D:1)
  5 kobolds
  6 bats (D:1)
  5 giant newts
  12 goblins (D:1)
  3 rats
42 creatures vanquished.

Notes
Turn   | Place    | Note
--------------------------------------------------------------
     0 | D:1      | Lektor the High Elf Wizard began the quest for the Orb.
     0 | D:1      | Reached XP level 1. HP: 11/11 MP: 6/6
   465 | D:1      | Reached XP level 2. HP: 15/17 MP: 4/7
  1239 | D:1      | Reached XP level 3. HP: 21/21 MP: 7/9
  1405 | D:1      | Learned a level 3 spell: Mephitic Cloud
  1409 | D:1      | Learned a level 3 spell: Conjure Flame
  2038 | D:2      | Noticed Terence
  2083 | D:2      | HP: 1/21 [poisoned by an adder]
  2084 | D:2      | Succumbed to an adder's poison

Vault maps used:
D:1:      saegor_arrival_simple_e
D:2:      uniq_terence

Action                   || total
-------------------------++-------
Melee: Dagger            ||     3
       Short sword       ||    16
Throw: Tomahawk          ||     5
       Stone             ||     1
 Cast: Magic Dart        ||    76
       Mephitic Cloud    ||     3
       Conjure Flame     ||     1
  Use: Potion            ||     3
       Scroll            ||     1
 Stab: Sleeping          ||     1
  Eat: Chunk             ||     3
